 Dungeon Crawl Stone Soup version 0.22.1-1-ga44c0e5 (webtiles) character file.

6214 aMcNicky the Covert (level 11, -2/57 HPs)
             Began as a Kobold Enchanter on Oct 2, 2018.
             Was a Priest of Dithmenos.
             Killed from afar by a wizard (27 damage)
             ... with a fireball
             ... on level 10 of the Dungeon.
             The game lasted 01:17:32 (15740 turns).

aMcNicky the Covert (Kobold Enchanter)             Turns: 15740, Time: 01:17:34

Health: -2/57      AC:  9    Str:  8    XL:     11   Next: 14%
Magic:  10/19      EV: 20    Int: 16    God:    Dithmenos [***...]
Gold:   611        SH:  4    Dex: 17    Spells: 8/20 levels left

rFire    . . .     SeeInvis .   b - +2 dagger (holy)
rCold    + . .     Gourm    .   L - +0 buckler
rNeg     . . .     Faith    .   D - +3 leather armour
rPois    .         Spirit   .   H - +0 helmet
rElec    .         Reflect  .   x - +0 cloak
rCorr    .         Harm     .   k - +0 pair of gloves
MR       +....                  (no boots)
Stlth    +++++++...             (no amulet)
HPRegen  0.19/turn              J - ring of protection from cold
MPRegen  0.16/turn              l - ring of protection from magic

@: wreathed by umbra
A: small, carnivore
a: Shadow Step, Renounce Religion


You were on level 10 of the Dungeon.
You worshipped Dithmenos.
Dithmenos was most pleased with you.
You were not hungry.

You visited 1 branch of the dungeon, and saw 10 of its levels.
You also visited: Ossuary.

You collected 611 gold pieces.

Inventory:

Hand Weapons
 a - a +0 blowgun
 b - a +2 dagger of holy wrath (weapon)
 v - a +0 short sword
 B - a +1 dagger
Missiles
 j - 8 needles of confusion
 u - 63 poisoned needles (quivered)
 P - a tomahawk
Armour
 c - a +0 robe
 g - a +0 ring mail
 k - a +0 pair of gloves (worn)
 x - a +0 cloak (worn)
 D - a +3 leather armour (worn)
 H - a +0 helmet (worn)
 L - a +0 buckler (worn)
Jewellery
 l - a ring of protection from magic (right hand)
 m - an uncursed ring of fire
 q - an uncursed ring of resist corrosion
 J - a ring of protection from cold (left hand)
Wands
 A - a wand of polymorph (4)
 K - a wand of iceblast (8)
 M - a wand of random effects (26)
Scrolls
 d - 4 scrolls of remove curse {@r2}
 e - a scroll of magic mapping {unknown}
 h - 4 scrolls of teleportation
 i - 2 scrolls of immolation
 n - 2 scrolls of fog
 s - a scroll of fear {unknown}
 C - a scroll of enchant weapon
 G - a scroll of blinking {unknown}
 I - a scroll of vulnerability {unknown}
 N - a scroll of holy word {unknown}
 O - a scroll of summoning {unknown}
Potions
 o - 5 potions of curing {@q1}
 p - a potion of brilliance {unknown}
 r - a potion of heal wounds
 t - 3 potions of flight
 w - 3 potions of agility
 z - a potion of cancellation {unknown}
 E - 2 potions of lignification
 F - a potion of degeneration {unknown}
Miscellaneous
 y - a lightning rod (3/4)
Comestibles
 f - 27 rations


   Skills:
 + Level 2.3 Fighting
 - Level 7.6 Short Blades
 + Level 9.4 Dodging
 + Level 12.7 Stealth
 - Level 5.4 Spellcasting
 + Level 0.0 Conjurations
 + Level 8.2 Hexes
 - Level 2.1 Invocations


You had 8 spell levels left.
You knew the following spells:

 Your Spells              Type           Power        Failure   Level  Hunger
a - Corona                Hex            ####...      1%          1    None
b - Ensorcelled Hibernat  Hex/Ice        ###...       10%         2    #......
c - Confuse               Hex            ####....     3%          3    ###....
d - Tukima's Dance        Hex            ####....     3%          3    ###....
e - Dazzling Spray        Conj/Hex       ###...       21%         3    ###....

Your spell library contained the following spells:

 Spells                   Type           Power        Failure   Level  Hunger
 Beastly Appendage        Tmut           #.....       34%         1    None
 Sting                    Conj/Pois      #...         34%         1    None
 Passwall                 Tmut/Erth      #.......     47%         2    #......
 Poisonous Vapours        Pois/Air       #.....       47%         2    #......
 Sticks to Snakes         Tmut           #.......     47%         2    #......
 Spider Form              Tmut/Pois      #.........   71%         3    ###....
 Ice Form                 Ice/Tmut       #.......     98%         4    ####...
 Blade Hands              Tmut           #.........   100%        5    ######.
 Bolt of Magma            Conj/Fire/Erth #.........   100%        5    ######.
 Iskenderun's Battlesphe  Conj/Chrm      #.......     100%        5    ######.
 Venom Bolt               Conj/Pois      #.........   100%        5    ######.
 Iron Shot                Conj/Erth      #.........   100%        6    #######
 Statue Form              Tmut/Erth      #........    100%        6    #######
 Orb of Destruction       Conj           #.........   100%        7    #######
 Spellforged Servitor     Conj/Summ      #.........   100%        7    #######


Dungeon Overview and Level Annotations

Branches:
Dungeon (10/15)            Temple (0/1) D:4
   Lair: D:8-11         Orc: D:9-12

Altars:
Dithmenos
Fedhas
Gozag
Makhleb
Okawaru
Ru
Trog
Uskayaw
Vehumet
Wu Jian
Xom
Yredelemnul
The Shining One

Annotations:
D:9 2 transporters, miragecloak's ghost, amateur FoMo


Innate Abilities, Weirdness & Mutations

You are small and have problems with some larger weapons.
You are carnivorous and can eat meat at any time.


Message History

Press: ? - help, Shift-Dir - straight line, f/p - wizard
Aim: a wizard, wielding a dagger and wearing a robe (umbra, chance to defeat The wizard resists with almost no effort.
The wizard misses you.
Casting: Ensorcelled Hibernation (safe; 10% risk of failure)
Confirm with . or Enter, or press ? or * to list all spells.
Aiming: Ensorcelled Hibernation (safe; 10% risk of failure)
Press: ? - help, Shift-Dir - straight line, f/p - wizard
Aim: a wizard, wielding a dagger and wearing a robe (umbra, chance to defeat The wizard resists with almost no effort.
The wizard hits you with a dagger.
Casting: Ensorcelled Hibernation (safe; 10% risk of failure)
Confirm with . or Enter, or press ? or * to list all spells.
Aiming: Ensorcelled Hibernation (safe; 10% risk of failure)
Press: ? - help, Shift-Dir - straight line, f/p - wizard
Aim: a wizard, wielding a dagger and wearing a robe (umbra, chance to defeat
Okay, then.
The wizard casts a spell at you.
The fireball explodes!
The fireball engulfs you!
You die...

≈≈≈≈≈≈≈≈≈≈≈≈≈≈≈≈≈≈≈≈≈8≈.....
≈≈≈≈≈≈≈≈≈≈≈≈≈≈≈≈≈≈≈≈≈≈8.....
............................
..###....o.......#..........
..###....#..........)........#
........###....................
.........#...........K.........
..................p...........
................@..Y..#.......
...........8..<.<....###...# .
..............[<......#....###...
.........(......(................
.........#......).....(.......)..
........###..(............[......
..###....#..........(............
..# #............#...............
..###...........###..............


You could see a death yak, a wizard, an orc wizard (wandering) and a kobold.

Vanquished Creatures
  Pikel (D:9)
  Psyche (D:9)
  A gargoyle (D:10)
  A hippogriff (D:8)
  A spriggan (D:7)
  A wyvern (D:10)
  2 hungry ghosts (D:9)
  Grum (D:9)
  Edmund (D:4)
  Menkaure (D:4)
  A sky beast (D:10)
  A water moccasin (D:8)
  2 ice beasts
  3 orc warriors
  A necrophage (D:3)
  8 ogres
  A centaur (D:9)
  2 wolves (D:9)
  6 bullfrogs
  3 elf zombies (Ossuary)
  A wyvern skeleton (D:9)
  2 scorpions
  5 killer bees (D:10)
  A water moccasin skeleton (D:8)
  A wight (D:9)
  2 howler monkeys (D:10)
  3 crimson imps
  A bullfrog zombie (D:5)
  A centaur zombie (D:6)
  2 hounds
  6 orc priests
  2 human zombies (Ossuary)
  6 orc wizards
  A quasit (D:9)
  A jelly (D:10)
  Crazy Yiuf (D:3)
  3 bullfrog skeletons
  Terence (D:2)
  4 worker ants
  2 hound skeletons
  2 mummies (Ossuary)
  Robin (D:3)
  7 gnolls
  13 adders
  A shadow imp (D:6)
  3 oozes
  3 adder zombies
  An adder skeleton (D:4)
  8 dart slugs
  4 worms
  4 leopard geckos
  34 orcs
  9 bats
  3 giant cockroaches
  2 gnoll zombies (D:9)
  11 goblins
  9 hobgoblins
  9 jackals
  9 quokkas
  2 ball pythons
  2 frilled lizards
  4 goblin zombies (Ossuary)
  8 hobgoblin zombies (Ossuary)
  A jackal zombie (Ossuary)
  7 kobolds
  10 kobold zombies (Ossuary)
  9 orc zombies (Ossuary)
  A quokka zombie (D:4)
  5 rats
  A rat zombie (D:4)
268 creatures vanquished.

Vanquished Creatures (collateral kills)
  4 wights (D:9)
4 creatures vanquished.

Vanquished Creatures (others)
  3 slaves (D:9)
  A hound (D:9)
  A leopard gecko (D:9)
  An orc (D:10)
6 creatures vanquished.

Grand Total: 278 creatures vanquished

Notes
Turn   | Place    | Note
-------+----------+-------------------------------------------
     0 | D:1      | aMcNicky the Kobold Enchanter began the quest for the Orb.
     0 | D:1      | Reached XP level 1. HP: 10/10 MP: 3/3
   523 | D:1      | Reached XP level 2. HP: 14/15 MP: 3/5
   952 | D:1      | Reached skill level 5 in Stealth
  1322 | D:1      | Reached XP level 3. HP: 19/19 MP: 6/6
  1838 | D:1      | Learned a level 2 spell: Ensorcelled Hibernation
  1879 | D:2      | Reached skill level 6 in Stealth
  1879 | D:2      | Reached XP level 4. HP: 24/24 MP: 7/7
  2556 | D:2      | Noticed Terence
  2595 | D:2      | Killed Terence
  2740 | D:2      | Reached XP level 5. HP: 28/28 MP: 8/8
  2925 | D:2      | Reached skill level 7 in Stealth
  2944 | D:3      | Found a shimmering altar of Xom.
  3047 | D:3      | Noticed an ogre
  3055 | D:3      | Killed an ogre
  3055 | D:3      | Reached XP level 6. HP: 32/32 MP: 9/9
  3606 | D:3      | Found a shadowy altar of Dithmenos.
  3620 | D:3      | Became a worshipper of Dithmenos the Shadowed
  3642 | D:3      | Noticed a necrophage
  3649 | D:3      | Killed a necrophage
  3649 | D:3      | Reached skill level 8 in Stealth
  3649 | D:3      | Reached XP level 7. HP: 36/36 MP: 10/10
  4200 | D:3      | Learned a level 3 spell: Confuse
  4259 | D:3      | Found a runed door.
  4263 | D:3      | Noticed Crazy Yiuf
  4267 | D:3      | Killed Crazy Yiuf
  4404 | D:3      | Noticed Robin
  4564 | D:3      | Killed Robin
  5416 | D:4      | Found a sand-covered staircase.
  5500 | Ossuary  | Entered an ossuary
  5748 | Ossuary  | Reached * piety under Dithmenos
  6046 | Ossuary  | Reached skill level 9 in Stealth
  6404 | Ossuary  | Reached skill level 5 in Dodging
  6427 | Ossuary  | Reached XP level 8. HP: 24/41 MP: 1/11
  6715 | Ossuary  | Reached skill level 5 in Hexes
  6725 | Ossuary  | Reached ** piety under Dithmenos
  6854 | D:4      | Noticed Edmund
  6979 | D:4      | Killed Edmund
  7307 | D:4      | Found a sacrificial altar of Ru.
  7366 | D:4      | Found a staircase to the Ecumenical Temple.
  7379 | D:4      | Found a blossoming altar of Fedhas.
  7380 | D:4      | Noticed Menkaure
  7384 | D:4      | Killed Menkaure
  7384 | D:4      | Reached skill level 10 in Stealth
  7404 | D:4      | Reached skill level 5 in Short Blades
  7879 | D:5      | Entered Level 5 of the Dungeon
  7908 | D:5      | Found a radiant altar of Vehumet.
  7919 | D:5      | Reached XP level 9. HP: 45/45 MP: 8/12
  8611 | D:5      | Reached *** piety under Dithmenos
  8825 | D:5      | Found a bloodstained altar of Trog.
  8828 | D:5      | Found a hide-covered altar of Uskayaw.
  8828 | D:5      | Found an iron altar of Okawaru.
  9777 | D:6      | Reached skill level 11 in Stealth
 10149 | D:6      | Found an opulent altar of Gozag.
 10330 | D:5      | Found a burning altar of Makhleb.
 10330 | D:5      | Found an ornate altar of the Wu Jian Council.
 10731 | D:7      | Identified Sif Muna's Collected Works on Unstable Venom
 10873 | D:7      | You fall through a shaft!
 10900 | D:8      | Found an iron altar of Okawaru.
 11163 | D:7      | Found a glowing golden altar of the Shining One.
 11634 | D:8      | Reached XP level 10. HP: 32/50 MP: 2/15
 12687 | D:9      | Learned a level 3 spell: Tukima's Dance
 12794 | D:9      | Found a transporter.
 12810 | D:9      | Found a transporter.
 12824 | D:9      | Noticed Pikel
 12833 | D:9      | Killed Pikel
 12833 | D:9      | Reached skill level 12 in Stealth
 13069 | D:9      | Noticed Grum
 13076 | D:9      | Killed Grum
 13375 | D:9      | Noticed miragecloak's ghost (amateur FoMo)
 13455 | D:9      | Noticed Psyche
 13458 | D:9      | Killed Psyche
 13615 | D:9      | Found a basalt altar of Yredelemnul.
 13764 | D:10     | Entered Level 10 of the Dungeon
 13856 | D:10     | Reached skill level 5 in Spellcasting
 13892 | D:10     | Reached skill level 1 in Invocations
 13969 | D:10     | Reached skill level 1 in Fighting
 14027 | D:10     | Reached XP level 11. HP: 56/56 MP: 15/18
 14049 | D:10     | Reached **** piety under Dithmenos
 14580 | D:10     | Noticed a death yak
 14581 | D:10     | Noticed a death yak
 14582 | D:10     | Noticed a death yak
 14664 | D:10     | Noticed a death yak
 14919 | D:9      | Learned a level 3 spell: Dazzling Spray
 15057 | D:10     | Noticed a wizard
 15740 | D:10     | Killed from afar by a wizard

Skill      XL: |  1  2  3  4  5  6  7  8  9 10 11 |
---------------+----------------------------------+-----
Short Blades   | 2 3 5 6 7 |  7.6
Stealth        | 5 6 7 8 9 10 11 12 | 12.7
Dodging        | 3 4 5 6 8 9 |  9.4
Hexes          | 4 5 7 8 |  8.2
Spellcasting   | 3 5 |  5.4
Invocations    | 1 2 |  2.1
Fighting       | 1 2 |  2.3

Action                   |  1- 3 |  4- 6 |  7- 9 | 10-12 || total
-------------------------+-------+-------+-------+-------++-------
Melee: Dagger            |   117 |    49 |   516 |   121 ||   803
 Fire: Blowgun           |       |       |       |     7 ||     7
 Cast: Corona            |    15 |       |    13 |     2 ||    30
       Ensorcelled Hiber |       |    22 |   115 |    62 ||   199
       Confuse           |       |       |    46 |    18 ||    64
       Tukima's Dance    |       |       |       |     4 ||     4
       Dazzling Spray    |       |       |       |     6 ||     6
Invok: Shadow Step       |       |       |       |     3 ||     3
Evoke: Lightning rod     |       |       |       |     1 ||     1
  Use: Potion            |       |     1 |     5 |     2 ||     8
       Scroll            |       |       |     6 |     4 ||    10
 Stab: Sleeping          |     7 |    26 |    97 |    38 ||   168
       Distracted        |     2 |       |     1 |       ||     3
       Confused          |       |       |    26 |     9 ||    35
       Paralysed         |       |       |     1 |       ||     1
  Eat: Chunk             |     3 |    14 |    39 |    13 ||    69
       Ration            |     1 |       |       |     2 ||     3
Armor: Robe              |    16 |     3 |    66 |       ||    85
       Leather armour    |       |       |     7 |    25 ||    32
Dodge: Dodged            |    89 |    36 |   497 |   171 ||   793
Block: Buckler           |       |       |       |    22 ||    22
